 Dungeon Crawl Stone Soup version 0.31-a0-246-g8cbcc1cb85 (webtiles) character file.

Game seed: 63166530611533741

38665 cforsyth the Brawler (level 14, -8/129 HPs)
             Began as an Ogre Shapeshifter on July 12, 2023.
             Was a High Priest of Hepliaklqana.
             Killed from afar by an oklob plant (25 damage)
             ... with a splash of acid
             ... on level 4 of the Lair of Beasts.
             The game lasted 00:22:09 (17153 turns).

cforsyth the Brawler (Ogre Shapeshifter)           Turns: 17153, Time: 00:22:09

Health: -8/129     AC:  6    Str: 31    XL:     14   Next: 3%
Magic:  14/14      EV: 10    Int:  9    God:    Hepliaklqana [*****.]
Gold:   1192       SH:  0    Dex:  9    Spells: 13/13 levels left

rFire   . .          .
                       - Unarmed
rCold   . . .        (shield currently unavailable)
rNeg    . . .        a - melded +0 animal skin
rPois   +            (helmet currently unavailable)
rElec   .            (cloak currently unavailable)
rCorr   .            (gloves unavailable)
SInv    .            (boots unavailable)
Will    +....        B - amulet of magic regeneration
Stlth   +            E - ring of poison resistance
HPRegen 0.41/turn    D - +4 ring of protection
MPRegen 0.54/turn

%: no passive effects
@: snake-form, corroded
A: constrict, amphibious, boosted hp, reduced essence, large, unfitting armour,
(tough skin 1)
a: Renounce Religion, Recall Ancestor, Ancestor Identity, Transference, Idealise


You were on level 4 of the Lair of Beasts.
You worshipped Hepliaklqana.
Hepliaklqana was extremely pleased with you.
You were an enormous anaconda.
You visited 3 branches of the dungeon, and saw 18 of its levels.
You also visited: Ossuary, Bailey and Volcano.

You collected 1192 gold pieces.

Inventory:

Armour
 a - a +0 animal skin (melded)
 G - +1 steam dragon scales
Jewellery
 y - an amulet of regeneration
 z - a ring of willpower
 B - an amulet of magic regeneration (around neck)
 C - a ring of protection from cold
 D - a +4 ring of protection (right hand)
 E - a ring of poison resistance (left hand)
 J - a +6 ring of dexterity
 M - a ring of ice
Talismans
 c - a beast talisman
 j - a serpent talisman
Wands
 n - a wand of quicksilver (19)
 o - a wand of paralysis (10)
 w - a wand of flame (39)
Scrolls
 d - 5 scrolls of fog
 f - 3 scrolls of enchant armour
 m - 9 scrolls of teleportation
 u - a scroll of fear
 v - a scroll of enchant weapon
 x - 4 scrolls of blinking
 H - 3 scrolls of immolation
 I - a scroll of poison
 K - a scroll of acquirement
 O - 3 scrolls of revelation {unknown}
Potions
 b - 5 potions of lignification
 e - 6 potions of haste
 g - 4 potions of enlightenment
 h - 5 potions of attraction
 i - 5 potions of heal wounds
 k - 3 potions of resistance
 l - 3 potions of degeneration {unknown}
 p - 8 potions of curing
 q - 6 potions of cancellation
 r - 3 potions of might {unknown}
 s - 6 potions of mutation
 t - 2 potions of magic {unknown}
 A - 4 potions of brilliance
 F - 2 potions of invisibility {unknown}
 L - a potion of berserk rage {unknown}


   Skills:
 + Level 3.2 Fighting
 + Level 2.1 Dodging
 + Level 15.4 Unarmed Combat
 + Level 14.4 Shapeshifting


You had 13 spell levels left.
You didn't know any spells.
Your spell library contained the following spells:

 Spells                   Type           Power      Damage    Failure   Level
 Cigotuvi's Dreadful Rot  Necr/Pois/Air  0%         N/A       96%         2
 Portal Projectile        Hex/Tloc       0%         N/A       99%         3
 Tukima's Dance           Hex            0%         N/A       99%         3
 Volatile Blastmotes      Fire/Tloc      0%         2d10      99%         3
 Dispel Undead            Necr           0%         3d6       100%        4
 Fulminant Prism          Conj/Hex       0%         3d5       100%        4
 Iskenderun's Mystic Bla  Conj/Tloc      0%         2d3       100%        4
 Leda's Liquefaction      Hex/Erth       0%         N/A       100%        4
 Passage of Golubria      Tloc           0%         N/A       100%        4
 Alistair's Intoxication  Tmut/Pois      0%         N/A       100%        5
 Borgnjor's Vile Clutch   Necr/Erth      0%         N/A       100%        5
 Lee's Rapid Deconstruct  Erth           0%         3d4*      100%        5
 Silence                  Hex/Air        0%         N/A       100%        5
 Death Channel            Necr           0%         N/A       100%        6
 Eringya's Noxious Bog    Tmut/Pois      0%         4d6       100%        6
 Leda's Unmaking          Conj/Erth      0%         9d1       100%        6
 Lehudib's Crystal Spear  Conj/Erth      0%         10d2      100%        8
 Chain Lightning          Conj/Air       0%         N/A       100%        9
 Fire Storm               Conj/Fire      0%         5d1       100%        9
 Shatter                  Erth           0%         3d5*      100%        9


Dungeon Overview and Level Annotations

Branches:
Dungeon (13/15)            Temple (1/1) D:5            Lair (4/5) D:8
  Swamp (0/4) Lair:3        Snake (0/4) Lair:2          Orc (0/2) D:9
Ossuary (visited)          Bailey (visited)         Volcano (visited)
  Slime: Lair:4-5    Vaults: D:13-14

Altars:
Elyvilon
Fedhas
Gozag
Hepliaklqana
Makhleb
Nemelex Xobeh
Okawaru
Qazlal
Trog
Wu Jian
Xom
Yredelemnul

Shops:
D:1 ?!   D:3 (   D:5 *   D:9 ?

Annotations:
D:2 Robin
Lair:3 2 transporters
Lair:4 exclusion: oklob plant


Innate Abilities, Weirdness & Mutations

You are an enormous anaconda.
You have a powerful constriction melee attack.
You are amphibious.
Your maximum health is increased.
Your spellcasting is less reliable in this form.
Your armour is entirely melded.
You are incapable of wielding weapons or throwing items.
Your life essence is reduced to manifest your ancestor. (-10% HP)
You are too large for most types of armour.
((You have tough skin. (AC +1)))


Message History

No target in view!
No target in view!
No target in view!
Found a stone staircase leading up.
Found a stone staircase leading up.
Found 6 stones.
You swap places.
You swap places.
Found an amulet of regeneration.
You see here 6 stones.
No target in view!
You swap places.
You swap places.
Found 8 stones.
An oklob plant comes into view.
Marking area around an oklob plant as unsafe for travelling.
Found a scroll of poison.
The oklob plant spits acid at you. The splash of acid hits you!!
The acid corrodes you! The oklob plant spits acid at you.
The splash of acid hits you!! The oklob plant spits acid at you.
The splash of acid hits you. The acid corrodes you!
You hit the plant but do no damage. You grab the plant.
You constrict the plant.
The plant begins to die.
The oklob plant spits acid at you. The splash of acid hits you!!
* * * LOW HITPOINT WARNING * * *
The acid corrodes you!
You release your grip on the plant.
A nearby plant withers and dies.
Hrodulf hits the oklob plant but does no damage.
The oklob plant spits acid at you. The splash of acid hits you!!
* * * LOW HITPOINT WARNING * * *
Hrodulf hits the oklob plant with a +0 flail!
You feel much better. The oklob plant spits acid at you.
The splash of acid hits you!!
You die...

..P#......###.P.#..##.#.......#
<...................#........(#
##...<...##......###..........#
..#...####........###.....#####
.......#...#P......#..#####
.....#...#####.......##
.......### #.##P...# ##
.........## ###...#.##PP###
......#....###..S..#.......#
..†.......#........#..#..P##
#.........#.......?...# ###
..............P....#.##
...................P..#
.................R....#
................P.......#
###...#..#.#.....#...##..#
##..##.?...#.......# #.#


You could see the friendly Hrodulf the knight and an oklob plant (ally target).

Vanquished Creatures
  A catoblepas (D:13)
  Erica (D:11)
  5 death yaks
  Sonja (Lair:1)
  A skyshark (Lair:2)
  An orc knight (Bailey)
  2 cyclopes
  5 elephants (Lair:3)
  3 toenail golems (Volcano)
  2 black mambas
  3 molten gargoyles (Volcano)
  2 cane toads
  A gargoyle (D:13)
  8 komodo dragons
  2 efreet (Volcano)
  A kobold demonologist (D:9)
  2 rime drakes
  A tyrant leech (Lair:3)
  5 trolls
  10 blink frogs
  A vampire (D:11)
  3 wyverns
  A shadow (D:10)
  3 basilisks
  40 yaks
  Eustachio (D:5)
  5 fire elementals (Volcano)
  4 wraiths
  6 vampire mosquitoes (D:12)
  3 steam dragons
  Edmund (D:5)
  Menkaure (D:5)
  4 nagas (Lair:2)
  An acid dragon (D:11)
  10 water moccasins
  7 orc warriors
  2 black bears
  2 swamp drakes (Lair:4)
  19 wolves
  2 centaurs (D:11)
  2 phantoms (D:5)
  A kobold brigand (D:9)
  10 bullfrogs
  3 scorpions
  An elf skeleton (D:5)
  6 wights
  8 killer bees
  2 howler monkeys
  2 electric eels (D:8)
  3 human zombies
  2 jellies
  3 centaur zombies (Ossuary)
  7 hounds
  7 orc priests
  A gnoll bouda (D:4)
  A sleepcap (D:4)
  3 human skeletons (D:5)
  3 iguanas
  4 orc wizards
  2 mummies (Ossuary)
  18 gnolls
  10 adders
  A shadow imp (D:6)
  A white imp (D:8)
  2 adder zombies (Ossuary)
  A worm (D:3)
  2 dart slugs
  39 orcs
  9 endoplasms
  4 giant cockroaches
  15 goblins
  9 hobgoblins
  4 jackals
  8 kobolds
  8 ball pythons
  6 bats
  3 frilled lizards
  2 goblin zombies (Ossuary)
  5 hobgoblin zombies (Ossuary)
  A jackal zombie (Ossuary)
  11 kobold zombies (Ossuary)
  An orc skeleton (D:5)
  11 orc zombies (Ossuary)
  5 rats
420 creatures vanquished.

Vanquished Creatures (collateral kills)
  A two-headed ogre (D:9)
  A skyshark (Lair:1)
  An elephant (Lair:3)
  An unseen horror (D:12)
  A cane toad (Lair:3)
  A fire elemental (Volcano)
  6 yaks
  A vampire mosquito (D:12)
  An acid dragon (D:11)
  A wolf (Lair:1)
  A centaur (D:11)
  A bullfrog (Lair:1)
  A wight (D:8)
  A killer bee (D:11)
  2 hounds (D:8)
  An orc wizard (D:9)
  4 orcs
  A kobold (D:9)
  A fire vortex (Volcano)
28 creatures vanquished.

Vanquished Creatures (others)
  2 knights (Volcano)
  An ancestor (D:10)
  A fire vortex (Volcano)
4 creatures vanquished.

Grand Total: 452 creatures vanquished

Notes
Turn   | Place    | Note
-------+----------+-------------------------------------------
     0 | D:1      | cforsyth the Ogre Shapeshifter began the quest for the Orb.
     0 | D:1      | Reached XP level 1. HP: 22/22 MP: 1/1
    49 | D:1      | Reached skill level 2 in Unarmed Combat
    55 | D:1      | Reached XP level 2. HP: 16/29 MP: 2/2
   271 | D:1      | Found Joit's Magic Scroll Boutique.
   310 | D:1      | Reached XP level 3. HP: 10/36 MP: 3/3
   829 | D:1      | Found Ethreuph's Distillery.
   988 | D:2      | Noticed Robin
  1181 | D:2      | Reached XP level 4. HP: 43/44 MP: 4/4
  1545 | D:2      | Reached skill level 3 in Unarmed Combat
  2090 | D:3      | Reached XP level 5. HP: 17/50 MP: 5/5
  2491 | D:3      | Found Rycvuyng's Weapon Shop.
  2584 | D:4      | Reached skill level 4 in Unarmed Combat
  2584 | D:4      | Reached XP level 6. HP: 39/59 MP: 6/6
  3233 | D:4      | You fall into a shaft and drop 1 floor!
  3233 | D:5      | Entered Level 5 of the Dungeon
  3262 | D:5      | Reached skill level 5 in Shapeshifting
  3262 | D:5      | Reached XP level 7. HP: 46/66 MP: 7/7
  3283 | D:5      | Noticed Edmund
  3293 | D:5      | Killed Edmund
  3294 | D:5      | Reached skill level 5 in Unarmed Combat
  3297 | D:5      | Found Voss's General Store.
  3331 | D:5      | Noticed Eustachio
  3356 | D:5      | Killed Eustachio
  3376 | D:5      | Reached XP level 8. HP: 24/74 MP: 8/8
  3425 | D:5      | Reached skill level 6 in Unarmed Combat
  3433 | D:5      | Found a sand-covered staircase.
  3491 | Ossuary  | Entered an ossuary
  3966 | D:5      | Noticed Menkaure
  3968 | D:5      | Found a staircase to the Ecumenical Temple.
  3971 | D:5      | Killed Menkaure
  3977 | D:5      | Reached skill level 7 in Unarmed Combat
  3984 | Temple   | Entered the Ecumenical Temple
  4008 | Temple   | Became a worshipper of Hepliaklqana the Forgotten
  4861 | D:7      | Reached XP level 9. HP: 79/80 MP: 9/9
  4936 | D:7      | Reached skill level 8 in Unarmed Combat
  5152 | D:7      | Reached * piety under Hepliaklqana
  5597 | D:7      | Identified the +10 rapier of Qazlal, Protecting {vamp,
                  | *Slow Str+4 Int+3 Dex+4}
  5905 | D:8      | Noticed a troll
  5913 | D:8      | Killed a troll
  5914 | D:8      | Reached skill level 9 in Unarmed Combat
  5932 | D:8      | Reached XP level 10. HP: 56/79 MP: 10/10
  5933 | D:8      | Found a staircase to the Lair.
  5961 | D:8      | Found a white marble altar of Elyvilon.
  5966 | D:8      | Found an ornate altar of the Wu Jian Council.
  5970 | D:8      | Found a basalt altar of Yredelemnul.
  6107 | D:8      | Found a flagged portal.
  6210 | Bailey   | Entered a bailey
  6407 | Bailey   | Noticed an orc knight
  6417 | Bailey   | Killed an orc knight
  7272 | D:9      | Reached skill level 10 in Unarmed Combat
  7449 | D:9      | Found a stormy altar of Qazlal.
  7449 | D:9      | Found a bloodstained altar of Trog.
  7450 | D:9      | Found an iron altar of Okawaru.
  7472 | D:9      | Found a shimmering altar of Xom.
  7493 | D:9      | Noticed a two-headed ogre
  7497 | D:9      | Killed a two-headed ogre
  7498 | D:9      | Reached skill level 10 in Shapeshifting
  7564 | D:9      | Found Toenloh's Magic Scroll Emporium.
  7595 | D:9      | Found a staircase to the Orcish Mines.
  7832 | D:9      | Reached XP level 11. HP: 51/86 MP: 11/11
  7839 | D:9      | Reached skill level 11 in Unarmed Combat
  8133 | D:9      | Noticed a sixfirhy
  8305 | D:10     | Entered Level 10 of the Dungeon
  8324 | D:10     | Reached ** piety under Hepliaklqana
  8325 | D:10     | Remembered your ancestor Hrodulf as a knight
  8502 | D:10     | Found a burning altar of Makhleb.
  9018 | D:11     | Noticed a cyclops
  9279 | D:11     | Noticed Erica
  9289 | D:11     | Killed Erica
  9489 | D:11     | Reached skill level 12 in Unarmed Combat
  9695 | D:11     | Killed a cyclops
 10192 | D:12     | Noticed a cyclops
 10198 | D:12     | Killed a cyclops
 10199 | D:12     | Reached XP level 12. HP: 84/93 MP: 12/12
 10309 | D:12     | Found an opulent altar of Gozag.
 10679 | D:13     | Noticed a catoblepas
 10686 | D:13     | Killed a catoblepas
 10774 | Lair:1   | Entered Level 1 of the Lair of Beasts
 10812 | Lair:1   | Reached *** piety under Hepliaklqana
 10934 | Lair:1   | Reached skill level 13 in Unarmed Combat
 11105 | Lair:1   | Noticed a skyshark
 11109 | Lair:1   | Killed a skyshark
 11681 | Lair:1   | Noticed Sonja
 11691 | Lair:1   | Killed Sonja
 12315 | Lair:2   | Identified a scroll of acquirement
 12466 | Lair:2   | Reached XP level 13. HP: 81/99 MP: 13/13
 12470 | Lair:2   | Reached skill level 14 in Unarmed Combat
 12602 | Lair:2   | Found a staircase to the Snake Pit.
 12640 | Lair:2   | Reached **** piety under Hepliaklqana
 12800 | Lair:2   | Found a dark tunnel.
 12805 | Volcano  | Entered a volcano
 13995 | Volcano  | HP: 3/118 [lindwurm/blast of flame (21)]
 14824 | Lair:3   | Found a staircase to the Swamp.
 15222 | Lair:3   | Found a transporter.
 15626 | Lair:3   | Reached skill level 15 in Unarmed Combat
 16000 | Lair:3   | Found a transporter.
 16932 | Lair:4   | Reached XP level 14. HP: 105/106 MP: 14/14
 17075 | Lair:4   | Reached ***** piety under Hepliaklqana
 17152 | Lair:4   | HP: 4/129 [oklob plant/splash of acid (35)]
 17153 | Lair:4   | Killed from afar by an oklob plant

Illustrated notes

Levels and vault maps discovered:
D:1:      sevenhm_arrival_forest_fort_small_4, layout_basic, serial_shops, shop,
          shop, minmay_vboxes
D:2:      layout_basic, uniq_robin
D:3:      layout_basic, serial_shops, nicolae_shop_behind_doors
D:4:      layout_loops_cross, minmay_checkerbox
D:5:      layout_rooms, minmay_temple_entry_butterflies,
          nicolae_ossuary_entry_catacombs, serial_shops, shop,
          kennysheep_generic_room_14, uniq_menkaure, uniq_edmund, uniq_eustachio
D:6:      layout_loops_ring
D:7:      layout_basic, patterned_corridor
D:8:      layout_rooms, minmay_overflow_temple_star_quad, erik_lair_island,
          enter_bailey_8, minivault_22
D:9:      layout_rooms, nicolae_overflow_quartered_altars, david_orc_3,
          serial_shops, nicolae_shop_waterfront, hangedman_decor_clover_reticule
D:10:     layout_rooms, bloody_makhleb
D:11:     layout_cave_pools, uniq_erica
D:12:     layout_basic, nicolae_gozag_cash_rules_everything_around_me
D:13:     layout_irregular_city, serial_glass, glass_columns_a, glass_columns_a,
          glass_columns_a, glass_columns_c, nemelex_spade_bored_becter
Temple:   jpeg_temple_clearing
Lair:1:   layout_regular_city, uniq_sonja
Lair:2:   layout_regular_city, minmay_snake_entry_guardpost_small,
          enter_volcano_4, grunt_megastairs_3
Lair:3:   layout_regular_city, minmay_swamp_entry_worms,
          gammafunk_ghost_berserking_beasts, grunt_megastairs_2
Lair:4:   dreamdust_cave_troll, layout_misc_corridors, guppyfry_lair_drakes,
          grunt_megastairs_1

Skill      XL: |  1  2  3  4  5  6  7  8  9 10 11 12 13 14 |
---------------+-------------------------------------------+-----
Unarmed Combat | 2 3 4 5 7 9 10 12 13 15 | 15.4
Shapeshifting  | 4 5 7 8 10 11 13 14 | 14.4
Fighting       | 3 |  3.2
Dodging        | 2 |  2.1

Action                     |  1- 3 |  4- 6 |  7- 9 | 10-12 | 13-15 || total
---------------------------+-------+-------+-------+-------+-------++-------
  Melee: Unarmed           |   107 |    70 |   198 |   370 |   219 ||   964
         Punch             |     2 |       |       |       |       ||     2
         Constrict         |       |    20 |    52 |   105 |    58 ||   235
 Invoke: Ancestor Life: Kn |       |       |       |     1 |       ||     1
         Recall Ancestor   |       |       |       |       |     1 ||     1
    Use: Scroll            |       |       |       |    17 |     3 ||    20
         Potion            |       |       |       |       |     2 ||     2
   Stab: Sleeping          |       |       |       |     3 |       ||     3
         Distracted        |       |       |       |     2 |     1 ||     3
 Armour: Animal skin       |    28 |       |       |       |       ||    28
         Skin              |       |    23 |    86 |   176 |    78 ||   363
  Dodge: Dodged            |    55 |    31 |    55 |   166 |    82 ||   389
   Form: Anaconda          |       |     1 |       |       |       ||     1

Table legend: (Time is in decaauts)
 A = Elapsed time spent in this place.
 B = Non-inter-level travel time spent in this place.
 C = Inter-level travel time spent in this place.
 D = Time resting spent in this place.
 E = Time spent auto-exploring this place.
 F = Levels seen in this place.
 G = Mean time per level.
                   A        B        C        D        E       F      G
               +--------+--------+--------+--------+--------+-----+--------+
         Total |  16989 |  16501 |    488 |   1912 |  11871 |  21 |  809.0 |
       Dungeon |   9730 |   9346 |    384 |    365 |   7421 |  13 |  748.5 |
        Temple |     45 |     24 |     21 |      0 |     13 |   1 |   45.0 |
          Lair |   5064 |   4982 |     82 |    601 |   3675 |   4 | 1266.0 |
       Ossuary |    316 |    316 |      0 |      7 |    157 |   1 |  316.0 |
        Bailey |    603 |    603 |      0 |      0 |    507 |   1 |  603.0 |
       Volcano |   1229 |   1229 |      0 |    939 |     98 |   1 | 1229.0 |
               +--------+--------+--------+--------+--------+-----+--------+

Top non-repeatable levels by time:
  Lair:3: 1921 daAuts
  Lair:1: 1516 daAuts
  Lair:2: 1231 daAuts
 Volcano: 1229 daAuts
     D:1: 1056 daAuts
     D:7: 1039 daAuts
     D:9: 1031 daAuts
    D:11: 888 daAuts
     D:2: 800 daAuts
     D:8: 776 daAuts
    D:12: 756 daAuts
    D:10: 741 daAuts
     D:4: 714 daAuts
     D:3: 653 daAuts
     D:5: 623 daAuts
